 Dungeon Crawl Stone Soup version 0.31.0-11-ge490571c62 (webtiles) character file.

Game seed: 7353121928577359508

387 qw the Ducker (level 6, -3/30 HPs)
             Began as a Spriggan Hunter on Feb 4, 2024.
             Slain by Edmund
             ... wielding a +2 flail of protection
              (11 damage)
             ... on level 4 of the Dungeon.
             The game lasted 00:00:12 (2639 turns).

qw the Ducker (Spriggan Hunter)                     Turns: 2639, Time: 00:00:13

Health: -3/30      AC:  2    Str:  7    XL:     6   Next: 49%
Magic:  7/7        EV: 24    Int: 11    God:
Gold:   172        SH:  0    Dex: 26    Spells: 5/5 levels left

rFire   . . .        a - +0 shortbow
rCold   . . .        (shield currently unavailable)
rNeg    . . .        c - +0 robe
rPois   .            (helmet restricted)
rElec   .            (no cloak)
rCorr   .            (gloves unavailable)
SInv    +            (boots unavailable)
Will    +....        (no amulet)
Stlth   ++           i - +6 ring of dexterity
HPRegen 0.25/turn    (no ring)
MPRegen 0.10/turn

%: no passive effects
@: very quick
A: very small, no large weapons, unfitting armour, see invisible, speed 3
a: no special abilities


You were on level 4 of the Dungeon.
You visited 1 branch of the dungeon, and saw 4 of its levels.

You collected 172 gold pieces.


Innate Abilities, Weirdness & Mutations

You are very small and have problems with some larger weapons.
You are too small for most types of armour.
You have supernaturally acute eyesight. (SInv)
You cover ground extremely quickly. (Speed+++)


   Skills:
 - Level 2.0 Fighting
 - Level 6.1 Ranged Weapons
 + Level 6.7 Dodging
 - Level 1.5 Stealth


You had 5 spell levels left.
You didn't know any spells.
Your spell library was empty.

Inventory:

Hand Weapons
 a - a +0 shortbow (weapon)
Armour
 c - a +0 robe (worn)
Jewellery
 i - a +6 ring of dexterity (left hand)
Scrolls
 d - a scroll of identify
 f - 2 scrolls of fog {unknown}
 g - 3 scrolls of teleportation
Potions
 b - a potion of curing
 e - a potion of might {unknown}

Dungeon Overview and Level Annotations

Branches:
Dungeon (4/15)
 Temple: D:4-7

Altars:

Annotations:
D:4 Edmund


Message History

Found a whip.
You shoot an arrow. The arrow closely misses Edmund.
Edmund shouts!
You shoot an arrow. The arrow hits Edmund.
Edmund is lightly wounded.
You shoot an arrow. The arrow closely misses Edmund.
You shoot an arrow.
The arrow hits Edmund but does no damage.
Edmund is lightly wounded.
Edmund completely misses you.
You shoot an arrow. The arrow closely misses Edmund.
Edmund misses you.
You shoot an arrow. The arrow hits Edmund.
Edmund is moderately wounded.
Edmund hits you with a +2 flail of protection!
You shoot an arrow.
The arrow hits Edmund but does no damage.
Edmund is moderately wounded.
Edmund misses you.
You shoot an arrow. The arrow hits Edmund.
Edmund is moderately wounded.
Edmund misses you.
You shoot an arrow. The arrow hits Edmund.
Edmund is moderately wounded.
Edmund barely misses you.
You shoot an arrow.
The arrow hits Edmund but does no damage.
Edmund is moderately wounded.
Edmund hits you with a +2 flail of protection!
You shoot an arrow. The arrow barely misses Edmund.
Edmund closely misses you.
You shoot an arrow. The arrow hits Edmund!
Edmund is heavily wounded.
Edmund misses you.
You shoot an arrow.
The arrow hits Edmund but does no damage.
Edmund is heavily wounded.
Edmund hits you with a +2 flail of protection!
You die...
Edmund whines, "They better pay attention to me now!"

#....## #######.....#
............######
.................#
.................#
.................#
.................######
).....@...............#
####@.......#......#
#...............#
#........#........
#........#........
#........#.......#
#........#........
#........####.....
#........# #.....
#........# .....


You could see Edmund.

Vanquished Creatures
  A scorpion (D:4)
  A howler monkey (D:4)
  A jelly (D:4)
  An orc priest (D:4)
  Jessica (D:2)
  An orc wizard (D:4)
  3 adders
  4 gnolls (D:2)
  2 ribbon worms (D:2)
  5 dart slugs
  8 orcs
  10 ball pythons
  9 endoplasms
  5 giant cockroaches
  10 goblins
  3 hobgoblins
  4 jackals
  5 quokkas
  4 bats
  4 frilled lizards
  8 kobolds
  7 rats
97 creatures vanquished.

Notes
Turn   | Place    | Note
-------+----------+-------------------------------------------
     0 | D:1      | qw the Spriggan Hunter began the quest for the Orb.
     0 | D:1      | Reached XP level 1. HP: 10/10 MP: 2/2
     0 | D:1      | 0 ||| qw: Version: 0.3-a-160-g6735b56
     0 | D:1      | 0 ||| qw: Game counter: 5078
     0 | D:1      | 0 ||| qw: Melee chars always use a shield: true
     0 | D:1      | 0 ||| qw: God list: Okawaru
     0 | D:1      | 0 ||| qw: Allow faded altars: false
     0 | D:1      | 0 ||| qw: Do Orc after clearing Dungeon:15 true
     0 | D:1      | 0 ||| qw: Do second Lair branch before Depths: true
     0 | D:1      | 0 ||| qw: Lair rune preference: random
     0 | D:1      | 0 ||| qw: Goals: Normal
     0 | D:1      | 0 ||| PLANNING D:1-11
    75 | D:1      | Reached skill level 3 in Dodging
   109 | D:1      | Reached XP level 2. HP: 14/14 MP: 3/3
   148 | D:1      | 148 ||| DROPPING +3 sling.
   549 | D:1      | Reached XP level 3. HP: 18/18 MP: 4/4
   708 | D:1      | 708 ||| READING scroll labelled WOCOFOHYFA.
   712 | D:1      | 712 ||| READING scroll labelled MENKYI FAOBO.
   713 | D:1      | 713 ||| DROPPING scroll of butterflies.
   727 | D:2      | Noticed Jessica
   730 | D:2      | Killed Jessica
   733 | D:2      | 733 ||| RETREEEEATING.
   736 | D:2      | Reached XP level 4. HP: 22/22 MP: 5/5
   841 | D:2      | Found a faded altar of an unknown god.
   987 | D:2      | 987 ||| FLEEEEING.
   988 | D:2      | 988 ||| FLEEEEING.
   989 | D:2      | 989 ||| FLEEEEING.
   993 | D:2      | 993 ||| FLEEEEING.
   994 | D:2      | 994 ||| STAIRDANCE
  1038 | D:1      | 1038 ||| READING 2 scrolls of identify.
  1038 | D:1      | 1038 ||| IDENTIFYING blue potion
  1039 | D:1      | 1039 ||| READING scroll of identify.
  1039 | D:1      | 1039 ||| IDENTIFYING bubbling amethyst potion
  1040 | D:1      | 1040 ||| READING scroll labelled UTRALU KOLUF.
  1041 | D:1      | 1041 ||| DROPPING potion of lignification.
  1169 | D:2      | Reached XP level 5. HP: 26/26 MP: 6/6
  1541 | D:2      | 1541 ||| UPGRADING to +6 ring of dexterity.
  1542 | D:2      | 1542 ||| DROPPING +6 ring of intelligence.
  1543 | D:2      | 1543 ||| READING scroll of identify.
  1543 | D:2      | 1543 ||| IDENTIFYING sedimented golden potion
  1544 | D:2      | 1544 ||| READING scroll labelled QUXUHY FASSE.
  1545 | D:2      | 1545 ||| DRINKING 2 fizzy inky potions.
  1546 | D:2      | 1546 ||| DROPPING potion of magic.
  1547 | D:2      | 1547 ||| DROPPING potion of brilliance.
  1782 | D:3      | Identified the +7 dagger of Qazlal's Benevolence {protect,
                  | Fly rC+ Will+ Stlth+}
  2340 | D:3      | 2340 ||| READING scroll labelled TUVESU USTRE.
  2440 | D:4      | Reached skill level 6 in Dodging
  2479 | D:4      | 2479 ||| DRINKING potion of curing.
  2479 | D:4      | 2479 ||| (to cure confusion)
  2480 | D:4      | 2480 ||| FLEEEEING.
  2481 | D:4      | 2481 ||| FLEEEEING.
  2482 | D:4      | 2482 ||| FLEEEEING.
  2483 | D:4      | 2483 ||| FLEEEEING.
  2484 | D:4      | 2484 ||| FLEEEEING.
  2485 | D:4      | 2485 ||| FLEEEEING.
  2486 | D:4      | 2486 ||| FLEEEEING.
  2488 | D:4      | 2488 ||| FLEEEEING.
  2489 | D:4      | 2489 ||| FLEEEEING.
  2490 | D:4      | 2490 ||| FLEEEEING.
  2507 | D:4      | Reached XP level 6. HP: 21/30 MP: 7/7
  2573 | D:4      | Reached skill level 6 in Ranged Weapons
  2626 | D:4      | Noticed Edmund
  2639 | D:4      | Slain by Edmund

Levels and vault maps discovered:
D:1:      dpeg_arrival_lava_temple_mockup, layout_loops_ring, st_stairs_4
D:2:      layout_loops_ring, shapermc_ecumenical_altar_starsandcircs,
          minmay_vboxes, uniq_jessica
D:3:      layout_loops_corners
D:4:      layout_basic, uniq_edmund

Skill      XL: |  1  2  3  4  5  6 |
---------------+-------------------+-----
Dodging        | 3 4 5 6 |  6.7
Ranged Weapons | 5 6 |  6.1
Fighting       | 2 |  2.0
Stealth        | |  1.5

Action                     |  1- 3 |  4- 6 || total
---------------------------+-------+-------++-------
   Fire: Shortbow          |    75 |   194 ||   269
    Use: Scroll            |     2 |     6 ||     8
         Potion            |       |     2 ||     2
 Armour: Robe              |     9 |    21 ||    30
  Dodge: Dodged            |    35 |    50 ||    85

Table legend:
 A = Non-vault XP
 B = Vault XP
 C = Vault XP percentage of total XP
 D = Non-vault monster count
 E = Vault monster count
 F = Vault count percentage of total count
                 A         B        C        D         E       F
            +---------+---------+-------+---------+---------+-------
      Total |     500 |      54 |   9.7 |      87 |      10 |  10.3
            +---------+---------+-------+---------+---------+-------
        D:1 |      40 |       5 |  11.1 |      23 |       3 |  11.5
        D:2 |     137 |      49 |  26.3 |      34 |       7 |  17.1
        D:3 |      47 |       0 |   0.0 |      15 |       0 |   0.0
        D:4 |     276 |       0 |   0.0 |      15 |       0 |   0.0
            +---------+---------+-------+---------+---------+-------
